General information
- name: 1v1/2v2/obs/pros
- type: Custom game
- host: 1v12v2obspros
- saver: iMlCRO
map: TwistedMeadows
- players: 12
- length: 22:00
- speed: Fast
- version: 1.24 W3XP
- replay type: Public
» download(209 KB)
Players
team 1 (loser)
VanillaCoke (
blue | 131 APM | 2874 actions | 21:53)
4 Archmage
2 Summon Water Elemental
2 Brilliance Aura
3 Mountain King
2 Storm Bolt
1 Bash
» actions
| Assign group hotkey | 30 | |
| Basic commands | 393 | |
| Build / train | 55 | |
| ESC pressed | 1 | |
| Enter build submenu | 17 | |
| Enter hero's abilities submenu | 7 | |
| Give item / drop item | 2 | |
| Right click | 1132 | |
| Select / deselect | 584 | |
| Select group hotkey | 520 | |
| Use ability | 133 | |
2874 total
» units
| Peasant | 11 | |
| Footman | 5 | |
| Spell Breaker | 7 | |
| Priest | 3 | |
26 total
» upgrades
» buildings
| Altar of Kings | 1 | |
| Farm | 8 | |
| Barracks | 1 | |
| Scout Tower | 1 | |
| Arcane Tower | 1 | |
| Keep | 3 | |
| Arcane Vault | 1 | |
| Blacksmith | 1 | |
| Arcane Sanctum | 3 | |
| Castle | 4 | |
24 total
» build order
00:08 Altar of Kings
00:11 Farm
00:21 Barracks
00:42 Farm
01:36 Scout Tower
02:01 Farm
02:06 Arcane Tower
03:22 Keep
03:23 Keep
03:23 Keep
03:31 Arcane Vault
04:22 Farm
04:23 Farm
04:24 Farm
05:12 Blacksmith
06:07 Arcane Sanctum
06:46 Arcane Sanctum
06:49 Arcane Sanctum
06:52 Farm
09:26 Farm
12:29 Castle
12:29 Castle
» items
| Lesser Clarity Potion | 1 | |
| Scroll of Regeneration | 2 | |
| Boots of Speed | 1 | |
| Dust of Appearance | 1 | |
| Scroll of Town Portal | 1 | |
6 total
NTM (
red | 125 APM | 2742 actions | 21:59)
5 Blademaster
3 Wind Walk
2 Critical Strike
4 Shadow Hunter
2 Hex
2 Healing Wave
» actions
| Assign group hotkey | 64 | |
| Basic commands | 24 | |
| Build / train | 68 | |
| ESC pressed | 3 | |
| Enter build submenu | 18 | |
| Enter hero's abilities submenu | 9 | |
| Give item / drop item | 1 | |
| Right click | 1420 | |
| Select / deselect | 434 | |
| Select group hotkey | 547 | |
| Use ability | 154 | |
2742 total
» units
| Peon | 9 | |
| Grunt | 10 | |
| Raider | 3 | |
| Spirit Walker | 6 | |
| Troll Batrider | 9 | |
| Wind Rider | 2 | |
| Kodo Beast | 2 | |
41 total
» upgrades
| Berserker Strength | 1 | |
| Ensnare | 1 | |
2 total
» buildings
| Altar of Storms | 1 | |
| Orc Burrow | 6 | |
| Barracks | 1 | |
| Voodoo Lounge | 2 | |
| Stronghold | 1 | |
| Beastiary | 1 | |
| Spirit Lodge | 1 | |
| Great Hall | 1 | |
| War Mill | 1 | |
15 total
» build order
00:12 Altar of Storms
00:21 Orc Burrow
00:38 Barracks
01:47 Voodoo Lounge
02:06 Orc Burrow
03:06 Stronghold
03:55 Orc Burrow
05:32 Beastiary
06:59 Orc Burrow
07:41 Spirit Lodge
09:22 Orc Burrow
10:10 Orc Burrow
16:29 Great Hall
18:42 Voodoo Lounge
19:29 War Mill
» items
| Boots of Speed | 1 | |
| Healing Salve | 4 | |
| Lesser Clarity Potion | 2 | |
| Scroll of Town Portal | 3 | |
| Scroll of Protection | 1 | |
| Scroll of Healing | 1 | |
12 total
team 2 (winner)

»
New_Noobie (
green | 68 APM | 1485 actions | 21:59)
3 Archmage
1 Summon Water Elemental
2 Brilliance Aura
5 Mountain King
3 Storm Bolt
2 Bash
» actions
| Assign group hotkey | 42 | |
| Basic commands | 13 | |
| Build / train | 48 | |
| ESC pressed | 2 | |
| Enter build submenu | 21 | |
| Enter hero's abilities submenu | 9 | |
| Remove unit from queue | 1 | |
| Right click | 640 | |
| Select / deselect | 357 | |
| Select group hotkey | 269 | |
| Use ability | 83 | |
1485 total
» units
| Peasant | 19 | |
| Footman | 5 | |
| Spell Breaker | 2 | |
| Priest | 3 | |
29 total
» upgrades
| Defend | 1 | |
| Priest Training | 1 | |
| Masonry | 1 | |
3 total
» buildings
| Farm | 10 | |
| Altar of Kings | 2 | |
| Barracks | 1 | |
| Scout Tower | 1 | |
| Arcane Tower | 1 | |
| Keep | 1 | |
| Arcane Vault | 2 | |
| Arcane Sanctum | 2 | |
| Castle | 1 | |
| Blacksmith | 1 | |
| Lumber Mill | 1 | |
23 total
» build order
00:08 Farm
00:13 Farm
00:16 Altar of Kings
00:24 Altar of Kings
00:37 Barracks
01:44 Scout Tower
02:06 Farm
02:10 Arcane Tower
03:01 Keep
03:11 Farm
03:47 Arcane Vault
06:49 Arcane Sanctum
06:50 Arcane Sanctum
07:07 Farm
07:33 Farm
09:15 Farm
10:42 Arcane Vault
11:19 Castle
11:27 Blacksmith
11:38 Lumber Mill
11:52 Farm
12:38 Farm
12:41 Farm
» items
iMlCRO (
orange | 145 APM | 3196 actions | 22:00)
4 Death Knight
2 Death Coil
2 Unholy Aura
4 Lich
2 Frost Nova
2 Dark Ritual
» actions
| Assign group hotkey | 56 | |
| Basic commands | 29 | |
| Build / train | 76 | |
| ESC pressed | 2 | |
| Enter build submenu | 19 | |
| Enter hero's abilities submenu | 8 | |
| Give item / drop item | 4 | |
| Right click | 1780 | |
| Select / deselect | 399 | |
| Select group hotkey | 681 | |
| Use ability | 142 | |
3196 total
» units
| Acolyte | 8 | |
| Ghoul | 4 | |
| Crypt Fiend | 12 | |
| Gargoyle | 1 | |
| Obsidian Statue | 4 | |
| Frost Wyrm | 5 | |
34 total
» upgrades
| Creature Attack | 3 | |
| Burrow | 1 | |
| Destroyer Form | 1 | |
| Creature Carapace | 2 | |
| Web | 1 | |
8 total
» buildings
| Graveyard | 2 | |
| Crypt | 1 | |
| Altar of Darkness | 1 | |
| Ziggurat | 8 | |
| Tomb of Relics | 1 | |
| Nerubian Tower | 3 | |
| Halls of the Dead | 2 | |
| Black Citadel | 4 | |
| Slaughterhouse | 1 | |
| Sacrificial Pit | 1 | |
| Boneyard | 1 | |
25 total
» build order
00:05 Graveyard
00:06 Graveyard
00:09 Crypt
00:41 Altar of Darkness
00:55 Ziggurat
01:21 Tomb of Relics
01:59 Ziggurat
02:30 Nerubian Tower
02:30 Nerubian Tower
02:31 Nerubian Tower
03:57 Halls of the Dead
03:57 Halls of the Dead
04:15 Ziggurat
05:36 Ziggurat
07:06 Black Citadel
07:06 Black Citadel
07:06 Black Citadel
07:25 Slaughterhouse
09:28 Sacrificial Pit
10:19 Boneyard
10:21 Ziggurat
13:22 Ziggurat
13:23 Ziggurat
15:55 Ziggurat
» items
| Rod of Necromancy | 2 | |
| Orb of Corruption | 1 | |
| Scroll of Town Portal | 4 | |
| Scroll of Protection | 1 | |
| Scroll of Healing | 1 | |
| Potion of Lesser Invulnerability | 1 | |
10 total
observers1v12v2obspros,
SBAGOK,
Re.KapStonE-,
still-smokin,
BackfromthaDead,
Krosanwarcheif,
WrestlerStcc,
Cempaxochitl Chat log
(02:35 / All) iMlCRO: hello
(02:37 / All) iMlCRO: glhf xD
(02:42 / All) VanillaCoke: go away
(02:55 / All) VanillaCoke: oh you're not orc
(02:57 / All) iMlCRO: if u proto ill be mad
(02:59 / All) iMlCRO: i gotat go to bed lol
(03:46 / Allies) iMlCRO: u ok
(04:00 / Allies) New_Noobie: ya
(05:44 / Allies) iMlCRO: coming
(05:59 / Allies) iMlCRO: go
(06:48 / All) iMlCRO: DID U EXPO LOSER?
(06:55 / All) VanillaCoke: not only 1
(06:56 / All) VanillaCoke: but 2
(06:58 / All) iMlCRO: I BET U DID
(07:00 / All) iMlCRO: :(
(07:02 / Allies) iMlCRO: take
(08:34 / All) iMlCRO: WTF
(08:41 / Allies) iMlCRO: b
(09:13 / All) iMlCRO: mouse flipped the fuck out as i tried to burrow fiend -.-
(09:41 / Allies) iMlCRO: gold me
(09:41 / Allies) iMlCRO: ?
(10:04 / Allies) iMlCRO: u ok right
(11:17 / Allies) iMlCRO: k
(11:49 / Allies) iMlCRO: gold for tp?
(12:20 / Allies) iMlCRO: gogo
(13:02 / Allies) iMlCRO: hall
(13:18 / Allies) iMlCRO: go?
(13:33 / Allies) iMlCRO: TP OR NO
(13:33 / Allies) New_Noobie: tp
(13:37 / Allies) iMlCRO: NO
(15:14 / Allies) iMlCRO: tp out if needed
(15:37 / Allies) iMlCRO: go
(15:48 / Allies) iMlCRO: fucking
(15:50 / Allies) iMlCRO: surrounde
(16:07 / All) iMlCRO: that was dumb as fuck
(17:18 / Allies) iMlCRO: hit blue
(17:57 / Allies) iMlCRO: b
(17:57 / Allies) iMlCRO: b
(18:04 / All) New_Noobie: noo
(18:47 / Allies) iMlCRO: priest heal me
(20:58 / All) iMlCRO: YEA I LOST MY DKS O WHAT
(21:03 / All) iMlCRO: DONT JUDGE ME
(21:52 / All) VanillaCoke: gg..
(21:53 / All) iMlCRO: gg
(21:58 / All) NTM: ff
(21:59 / All) NTM: gg